| TOP OF THE 1ST |
|
Jacksonville Suns batting - Pitching for Tulsa Drillers : RHP Steve Mintz
|
|
Pitching: RHP Steve Mintz
|
|
|
Batting: RHB Boof Howell
|
0-0: Foul Ball, location: 2F 0-1: Foul Ball, location: 2F 0-2: Foul Ball, location: 2F 0-2: Ball 1-2: Ground out U3 (Groundball, 34, EV 105.6 MPH)
|
|
Batting: RHB Miguel Velasco
|
0-0: Called Strike 0-1: Ball 1-1: Foul Ball, location: 2F 1-2: Strikes out swinging
|
|
Batting: LHB Matt McKeon
|
0-0: Called Strike 0-1: Swinging Strike 0-2: Strikes out swinging
|
| Top of the 1st over - 0 runs, 0 hits, 0 errors, 0 left on base; Jacksonville 0 - Tulsa 0 |
| BOTTOM OF THE 1ST |
|
Tulsa Drillers batting - Pitching for Jacksonville Suns : RHP Jorge Lara
|
|
Pitching: RHP Jorge Lara
|
|
|
Batting: RHB Josh Crenwelge
|
0-0: Ball 1-0: Ball 2-0: Ground out 5-3 (Groundball, 56S, EV 65.6 MPH)
|
|
Batting: SHB Nate Kopchak
|
0-0: Called Strike 0-1: Swinging Strike 0-2: Ball 1-2: Ball 2-2: Strikes out swinging
|
|
Batting: LHB Kevin Wiebe
|
0-0: Ball 1-0: Called Strike 1-1: Fly out, F8 (Flyball, 8LM, EV 85.0 MPH)
|
| Bottom of the 1st over - 0 runs, 0 hits, 0 errors, 0 left on base; Jacksonville 0 - Tulsa 0 |
| TOP OF THE 2ND |
|
Jacksonville Suns batting - Pitching for Tulsa Drillers : RHP Steve Mintz
|
|
Batting: RHB Akira Suzuki
|
0-0: Ground out U3 (Groundball, 3S, EV 85.6 MPH)
|
|
Batting: SHB Matt Moore
|
0-0: Called Strike 0-1: Ball 1-1: Called Strike 1-2: Ball 2-2: SINGLE (Line Drive, 89S, EV 101.9 MPH)
|
|
Batting: RHB Tom Thompson
|
0-0: Ball 1-0: Ball 2-0: Grounds into double play, 4-6-3 (Groundball, 4, EV 79.4 MPH)
|
| Top of the 2nd over - 0 runs, 1 hit, 0 errors, 0 left on base; Jacksonville 0 - Tulsa 0 |
| BOTTOM OF THE 2ND |
|
Tulsa Drillers batting - Pitching for Jacksonville Suns : RHP Jorge Lara
|
|
Batting: SHB Justin Toth
|
0-0: Called Strike 0-1: Ball 1-1: DOUBLE (Flyball, 7LD, EV 93.8 MPH)
|
|
Batting: RHB Marcos Villalobos
|
0-0: Ball 1-0: Ball 2-0: Fly out, F9 (Flyball, 9D, EV 90.0 MPH) Runner from 2nd tags up, SAFE at 3rd, no throw by RF
|
|
Batting: RHB Jonathan Kirsch
|
0-0: Ground out 6-3 (Groundball, 6, EV 93.1 MPH) Justin Toth scores
|
|
Batting: RHB Aaron Burress
|
0-0: Ball 1-0: Foul Ball, location: 2F 1-1: Ball 2-1: Ball 3-1: Swinging Strike 3-2: Foul Ball, location: 2F 3-2: Foul Ball, location: 2F 3-2: SINGLE (Flyball, 8RS, EV 93.8 MPH)
|
|
Batting: RHB Tony Rivera
|
0-0: Ball 1-0: Foul Ball, location: 2F 1-1: Foul Ball, location: 2F 1-2: Foul Ball, location: 2F 1-2: Strikes out swinging
|
| Bottom of the 2nd over - 1 run, 2 hits, 0 errors, 1 left on base; Jacksonville 0 - Tulsa 1 |
| TOP OF THE 3RD |
|
Jacksonville Suns batting - Pitching for Tulsa Drillers : RHP Steve Mintz
|
|
Batting: RHB Alberto Bravo
|
0-0: Ball 1-0: Ball 2-0: Swinging Strike 2-1: Called Strike 2-2: Foul Ball, location: 2F 2-2: Strikes out swinging
|
|
Batting: LHB Orlando Rivera
|
0-0: Ground out 5-3 (Groundball, 56, EV 89.4 MPH)
|
|
Batting: LHB Emilio Cordero
|
0-0: Foul Ball, location: 2F 0-1: Ground out 4-3 (Groundball, 4S, EV 83.1 MPH)
|
| Top of the 3rd over - 0 runs, 0 hits, 0 errors, 0 left on base; Jacksonville 0 - Tulsa 1 |
| BOTTOM OF THE 3RD |
|
Tulsa Drillers batting - Pitching for Jacksonville Suns : RHP Jorge Lara
|
|
Batting: RHB Kyle Garrett
|
0-0: Ball 1-0: SINGLE (Line Drive, 6MD, EV 103.1 MPH)
|
|
Batting: RHB Josh Crenwelge
|
0-0: Foul Ball, location: 2F 0-1: Ball 1-1: SINGLE (Groundball, 13, EV 93.8 MPH) (infield hit) Kyle Garrett to second
|
|
Batting: SHB Nate Kopchak
|
0-0: Called Strike 0-1: Called Strike 0-2: Foul Ball, location: 2F 0-2: Foul Ball, location: 2F 0-2: Ball 1-2: Fielders Choice at 2nd, 1-4 (Groundball, 15S, EV 66.9 MPH) Kyle Garrett to third
|
|
Batting: LHB Kevin Wiebe
|
0-0: Called Strike 0-1: Ball 1-1: Foul Ball, location: 2F 1-2: Strikes out looking
|
|
Batting: SHB Justin Toth
|
0-0: Swinging Strike 0-1: Ground out 6-3 (Groundball, 6MS, EV 80.6 MPH)
|
| Bottom of the 3rd over - 0 runs, 2 hits, 0 errors, 2 left on base; Jacksonville 0 - Tulsa 1 |
| TOP OF THE 4TH |
|
Jacksonville Suns batting - Pitching for Tulsa Drillers : RHP Steve Mintz
|
|
Batting: RHB Boof Howell
|
0-0: Ball 1-0: Ball 2-0: Ball 3-0: Called Strike 3-1: Base on Balls
|
|
Batting: RHB Miguel Velasco
|
0-0: Ball 1-0: Ball 2-0: Ball Wild Pitch! Boof Howell to second 3-0: Called Strike 3-1: Swinging Strike 3-2: Foul Ball, location: 2F 3-2: Foul Ball, location: 2F 3-2: Foul Ball, location: 2F 3-2: Base on Balls
|
|
Batting: LHB Matt McKeon
|
0-0: Ball 1-0: Ball 2-0: Ball 3-0: Called Strike 3-1: Base on Balls Boof Howell to third Miguel Velasco to second
|
|
Batting: RHB Akira Suzuki
|
0-0: Called Strike 0-1: Foul Ball, location: 2F 0-2: Strikes out swinging
|
|
Batting: SHB Matt Moore
|
0-0: Called Strike 0-1: Fly out, F8 (Flyball, 8RD, EV 94.4 MPH) Runner from 3rd tags up, OUT at HOME! 8-2
|
| Top of the 4th over - 0 runs, 0 hits, 0 errors, 2 left on base; Jacksonville 0 - Tulsa 1 |
| BOTTOM OF THE 4TH |
|
Tulsa Drillers batting - Pitching for Jacksonville Suns : RHP Jorge Lara
|
|
Batting: RHB Marcos Villalobos
|
0-0: Ball 1-0: Swinging Strike 1-1: Called Strike 1-2: Ball 2-2: Ball 3-2: Base on Balls
|
|
Batting: RHB Jonathan Kirsch
|
0-0: Called Strike 0-1: Called Strike 0-2: Ball 1-2: Ball 2-2: Ball 3-2: Base on Balls Marcos Villalobos to second
|
|
Batting: RHB Aaron Burress
|
0-0: Called Strike Marcos Villalobos is caught stealing 3rd base 2-5 0-1: Ball 1-1: Foul Ball, location: 2F 1-2: Foul Ball, location: 2F 1-2: Strikes out looking
|
|
Batting: RHB Tony Rivera
|
0-0: Swinging Strike 0-1: Ball 1-1: Fly out, F9 (Line Drive, 9S, EV 93.1 MPH)
|
| Bottom of the 4th over - 0 runs, 0 hits, 0 errors, 1 left on base; Jacksonville 0 - Tulsa 1 |
| TOP OF THE 5TH |
|
Jacksonville Suns batting - Pitching for Tulsa Drillers : RHP Steve Mintz
|
|
Batting: RHB Tom Thompson
|
0-0: Ball 1-0: Ball 2-0: Ball 3-0: Called Strike 3-1: Fly out, F7 (Flyball, 7, EV 93.8 MPH)
|
|
Batting: RHB Alberto Bravo
|
0-0: Foul Ball, location: 2F 0-1: Swinging Strike 0-2: Strikes out swinging
|
|
Batting: LHB Orlando Rivera
|
0-0: Called Strike 0-1: Ball 1-1: Swinging Strike 1-2: SINGLE (Line Drive, 7S, EV 106.2 MPH)
|
|
Batting: LHB Emilio Cordero
|
Pickoff Throw to First - Error! E1 Orlando Rivera to second 0-0: Called Strike 0-1: Ball 1-1: Ground out U3 (Groundball, 34S, EV 87.5 MPH)
|
| Top of the 5th over - 0 runs, 1 hit, 1 error, 1 left on base; Jacksonville 0 - Tulsa 1 |
| BOTTOM OF THE 5TH |
|
Tulsa Drillers batting - Pitching for Jacksonville Suns : RHP Jorge Lara
|
|
Batting: RHB Kyle Garrett
|
0-0: Foul Ball, location: 2F 0-1: Ball 1-1: Ball 2-1: Foul Ball, location: 2F 2-2: Strikes out swinging
|
|
Batting: RHB Josh Crenwelge
|
0-0: Foul Ball, location: 2F 0-1: Foul Ball, location: 2F 0-2: Foul Ball, location: 2F 0-2: Ball 1-2: DOUBLE (Groundball, 5L, EV 100.6 MPH)
|
|
Batting: SHB Nate Kopchak
|
0-0: Ball 1-0: Ground out U3 (Groundball, 3L, EV 88.1 MPH) Josh Crenwelge to third
|
|
Batting: LHB Kevin Wiebe
|
0-0: Called Strike 0-1: Foul Ball, location: 2F 0-2: Foul Ball, location: 2F 0-2: Ball 1-2: Ball 2-2: Strikes out looking
|
| Bottom of the 5th over - 0 runs, 1 hit, 0 errors, 1 left on base; Jacksonville 0 - Tulsa 1 |
| TOP OF THE 6TH |
|
Jacksonville Suns batting - Pitching for Tulsa Drillers : RHP Steve Mintz
|
|
Batting: RHB Boof Howell
|
0-0: Ball 1-0: Foul Ball, location: 2F 1-1: Ball 2-1: Swinging Strike 2-2: Foul Ball, location: 2F 2-2: SINGLE (Groundball, 6MS, EV 69.4 MPH) (infield hit)
|
|
Batting: RHB Miguel Velasco
|
0-0: Swinging Strike 0-1: Ball 1-1: Swinging Strike 1-2: Strikes out looking
|
|
Batting: LHB Matt McKeon
|
0-0: Called Strike 0-1: Foul Ball, location: 2F 0-2: Foul Ball, location: 2F 0-2: Foul Ball, location: 2F 0-2: Ball 1-2: Foul Ball, location: 2F 1-2: Ball 2-2: 2-RUN HOME RUN (Flyball, 89XD, EV 95.6 MPH), Distance : 368 ft
|
|
Pitching: RHP Jeff Coates
|
|
|
Batting: RHB Akira Suzuki
|
0-0: Called Strike 0-1: Ball 1-1: Fly out, F9 (Flyball, 9S, EV 83.1 MPH)
|
|
Batting: SHB Matt Moore
|
0-0: Foul Ball, location: 2F 0-1: Foul Ball, location: 2F 0-2: Strikes out swinging
|
| Top of the 6th over - 2 runs, 2 hits, 0 errors, 0 left on base; Jacksonville 2 - Tulsa 1 |
| BOTTOM OF THE 6TH |
|
Tulsa Drillers batting - Pitching for Jacksonville Suns : RHP Jorge Lara
|
|
Batting: SHB Justin Toth
|
0-0: Swinging Strike 0-1: Foul Ball, location: 2F 0-2: Strikes out looking
|
|
Pitching: RHP Earl Shepherd
|
|
|
Batting: RHB Marcos Villalobos
|
0-0: Called Strike 0-1: Ground out 5-3 (Groundball, 5, EV 85.0 MPH)
|
|
Batting: RHB Jonathan Kirsch
|
0-0: Ball 1-0: Ground out 4-3 (Groundball, 4, EV 85.0 MPH)
|
| Bottom of the 6th over - 0 runs, 0 hits, 0 errors, 0 left on base; Jacksonville 2 - Tulsa 1 |
| TOP OF THE 7TH |
|
Jacksonville Suns batting - Pitching for Tulsa Drillers : RHP Jeff Coates
|
|
Batting: RHB Tom Thompson
|
0-0: Foul Ball, location: 2F 0-1: SINGLE (Groundball, 6MD, EV 97.5 MPH)
|
|
Batting: RHB Alberto Bravo
|
0-0: Called Strike 0-1: Bunted foul 0-2: Foul Ball, location: 2F 0-2: Fly out, F7 (Line Drive, 7, EV 96.9 MPH)
|
|
Batting: LHB Orlando Rivera
|
0-0: Ball 1-0: Called Strike 1-1: Foul Ball, location: 2F 1-2: Foul Ball, location: 2F 1-2: Strikes out swinging
|
|
Batting: LHB Emilio Cordero
|
0-0: Called Strike 0-1: Ball 1-1: Foul Ball, location: 2F 1-2: Foul Ball, location: 2F 1-2: Ball 2-2: Strikes out looking
|
| Top of the 7th over - 0 runs, 1 hit, 0 errors, 1 left on base; Jacksonville 2 - Tulsa 1 |
| BOTTOM OF THE 7TH |
|
Tulsa Drillers batting - Pitching for Jacksonville Suns : RHP Earl Shepherd
|
|
Batting: RHB Aaron Burress
|
0-0: Ball 1-0: Ball 2-0: Ball 3-0: Called Strike 3-1: Ground out 4-3 (Groundball, 4, EV 89.4 MPH)
|
|
Batting: RHB Tony Rivera
|
0-0: Called Strike 0-1: Called Strike 0-2: Ground out 1-3 (Groundball, 34S, EV 72.5 MPH)
|
|
Batting: RHB Kyle Garrett
|
0-0: Ground out 6-3 (Groundball, 6M, EV 105.0 MPH)
|
| Bottom of the 7th over - 0 runs, 0 hits, 0 errors, 0 left on base; Jacksonville 2 - Tulsa 1 |
| TOP OF THE 8TH |
|
Jacksonville Suns batting - Pitching for Tulsa Drillers : RHP Jeff Coates
|
|
Pitching: RHP Josh Weiser
|
|
|
Batting: RHB Boof Howell
|
0-0: Swinging Strike 0-1: Ball 1-1: Ground out 5-3 (Groundball, 56, EV 86.2 MPH)
|
|
Batting: RHB Miguel Velasco
|
0-0: Ball 1-0: Ball 2-0: Ball 3-0: Foul Ball, location: 2F 3-1: Foul Ball, location: 2F 3-2: Strikes out looking
|
|
Batting: LHB Matt McKeon
|
0-0: Ball 1-0: Ground out 6-3 (Groundball, 6, EV 99.4 MPH)
|
| Top of the 8th over - 0 runs, 0 hits, 0 errors, 0 left on base; Jacksonville 2 - Tulsa 1 |
| BOTTOM OF THE 8TH |
|
Tulsa Drillers batting - Pitching for Jacksonville Suns : RHP Earl Shepherd
|
|
Pitching: RHP Campbell Wagenmakers
|
|
|
Batting: RHB Josh Crenwelge
|
0-0: Ball 1-0: Called Strike 1-1: SINGLE (Popup, 4MD, EV 50.0 MPH)
|
|
Batting: SHB Nate Kopchak
|
0-0: Bunt missed! 0-1: Sac Bunt to 25 - play at first, batter OUT! 5-3 Josh Crenwelge to second
|
|
Batting: LHB Kevin Wiebe
|
0-0: Called Strike 0-1: Called Strike 0-2: Foul Ball, location: 2F 0-2: Strikes out swinging
|
|
Batting: SHB Justin Toth
|
0-0: Swinging Strike 0-1: Swinging Strike 0-2: Strikes out swinging
|
| Bottom of the 8th over - 0 runs, 1 hit, 0 errors, 1 left on base; Jacksonville 2 - Tulsa 1 |
| TOP OF THE 9TH |
|
Jacksonville Suns batting - Pitching for Tulsa Drillers : RHP Josh Weiser
|
|
Batting: RHB Akira Suzuki
|
0-0: Ball 1-0: Foul Ball, location: 2F 1-1: Ball 2-1: Ball 3-1: Foul Ball, location: 2F 3-2: Base on Balls
|
|
Batting: SHB Matt Moore
|
0-0: Ball Akira Suzuki steals 2nd base 1-0: Intentional Walk
|
|
Batting: RHB Tom Thompson
|
0-0: Foul Ball, location: 2F 0-1: Fly out, F8 (Flyball, 8RD, EV 90.0 MPH)
|
|
Batting: RHB Alberto Bravo
|
0-0: Called Strike 0-1: Ball 1-1: Ball 2-1: Foul Ball, location: 2F 2-2: Ground out 5-3 (Groundball, 5, EV 86.2 MPH) Akira Suzuki to third Matt Moore to second
|
|
Batting: LHB Orlando Rivera
|
0-0: Ball 1-0: Ball 2-0: Called Strike 2-1: Swinging Strike 2-2: Foul Ball, location: 2F 2-2: Foul Ball, location: 2F 2-2: Strikes out swinging
|
| Top of the 9th over - 0 runs, 0 hits, 0 errors, 2 left on base; Jacksonville 2 - Tulsa 1 |
| BOTTOM OF THE 9TH |
|
Tulsa Drillers batting - Pitching for Jacksonville Suns : RHP Campbell Wagenmakers
|
|
Pitching: RHP Chris Forster
|
|
|
Batting: RHB Marcos Villalobos
|
0-0: Foul Ball, location: 2F 0-1: Ball 1-1: Ball 2-1: Swinging Strike 2-2: Ball 3-2: Foul Ball, location: 2F 3-2: Ground out 6-3 (Groundball, 6, EV 86.9 MPH)
|
|
Batting: RHB Jonathan Kirsch
|
0-0: Called Strike 0-1: Swinging Strike 0-2: Ball 1-2: Foul Ball, location: 2F 1-2: Ball 2-2: Foul Ball, location: 2F 2-2: Foul Ball, location: 2F 2-2: Ball 3-2: Ground out 4-3 (Groundball, 4, EV 86.2 MPH)
|
|
Batting: RHB Aaron Burress
|
0-0: Fly out, F4 (Popup, 3S, EV 71.9 MPH)
|
| Bottom of the 9th over - 0 runs, 0 hits, 0 errors, 0 left on base; Jacksonville 2 - Tulsa 1 |
|